 Dungeon Crawl Stone Soup version 0.21.1-1-g345015f (webtiles) character file.

109 Jawreze the Gusty (level 4, -2/33 HPs)
             Began as a Draconian Air Elementalist on May 31, 2018.
             Slain by Ijyb (4 damage)
             ... on level 3 of the Dungeon.
             The game lasted 00:08:46 (3119 turns).

Jawreze the Gusty (Draconian Air Elementalist)      Turns: 3119, Time: 00:08:47

Health: -2/33      AC:  1    Str: 10    XL:     4   Next: 60%
Magic:  1/8        EV: 12    Int: 16    God:
Gold:   108        SH:  0    Dex: 12    Spells: 1/8 levels left

rFire    . . .     SeeInvis .   m - +1 spear
rCold    . . .     Gourm    .   (no shield)
rNeg     . . .     Faith    .   (armour unavailable)
rPois    .         Spirit   .   (helmet restricted)
rElec    .         Reflect  .   (no cloak)
rCorr    .         Harm     .   (no gloves)
MR       .....                  (no boots)
Stlth    ++........             (no amulet)
HPRegen  0.11/turn              (no ring)
MPRegen  0.11/turn              (no ring)

@: corroded, very slightly contaminated, hasted, very quick
A: unfitting armour, cold-blooded, AC +5
a: no special abilities


You were on level 3 of the Dungeon.
You were not hungry.

You visited 1 branch of the dungeon, and saw 3 of its levels.

You collected 108 gold pieces.

Inventory:

Hand Weapons
 e - a +0 hunting sling
 m - a +1 spear (weapon)
 o - a +0 dagger
Missiles
 f - 16 sling bullets
 g - 33 stones (quivered)
Jewellery
 c - an uncursed ring of poison resistance {unknown}
 i - an uncursed ring of stealth {unknown}
Scrolls
 d - 2 scrolls of teleportation {unknown}
 h - a scroll of immolation {unknown}
 j - 4 scrolls of identify
 l - a scroll of amnesia {unknown}
 p - 3 scrolls of remove curse
 q - a scroll of random uselessness {unknown}
Potions
 k - a potion of agility
 r - a potion of might {unknown}
 s - a potion of brilliance {unknown}
Books
 a - a book of Air

   Spells                             Type                      Level
   a - Shock                          Conjuration/Air              1
   b - Swiftness                      Charms/Air                   2
   c - Static Discharge               Conjuration/Air              3
   d - Airstrike                      Air                          4
   e - Lightning Bolt                 Conjuration/Air              5
Comestibles
 b - 8 rations


   Skills:
 - Level 1.7 Dodging
 - Level 1.7 Stealth
 + Level 2.7 Spellcasting
 + Level 2.3 Conjurations
 * Level 4.3 Air Magic


You had one spell level left.
You knew the following spells:

 Your Spells              Type           Power        Failure   Level  Hunger
a - Shock                 Conj/Air       ##..         4%          1    #......
b - Swiftness             Chrm/Air       #.......     12%         2    ##.....
c - Airstrike             Air            ###.......   30%         4    #####..


Dungeon Overview and Level Annotations

Branches:
Dungeon (3/15)

Altars:
Ashenzari

Annotations:
D:1 Terence
D:3 Ijyb, Sigmund


Innate Abilities, Weirdness & Mutations

Your plain brown scales are hard. (AC +5)
You cannot fit into any form of body armour.
You are cold-blooded and may be slowed by cold attacks.


Message History

Aim: Ijyb, wearing a leather armour and carrying a wand of acid (9) (moderately wounded)
The zap hits Ijyb.
Ijyb appears unharmed.
Ijyb is moderately wounded.
Casting: Shock
Confirm with . or Enter, or press ? or * to list all spells.
Aiming: Shock
Press: ? - help, Shift-Dir - straight line, f/p - Ijyb
Aim: Ijyb, wearing a leather armour and carrying a wand of acid (9) (moderately wounded)
You miscast Shock.
You feel a strange surge of energy!
Casting: Shock
Confirm with . or Enter, or press ? or * to list all spells.
Aiming: Shock
Press: ? - help, Shift-Dir - straight line, f/p - Ijyb
Aim: Ijyb, wearing a leather armour and carrying a wand of acid (9) (moderately wounded)
The zap hits Ijyb.
Ijyb is heavily wounded.
Ijyb hits you.
* * * LOW HITPOINT WARNING * * *
It was a potion of haste.
You feel yourself speed up. Ijyb hits you.
You die...

#..........######
############
##################
#.................
#.################
#.# #.# #.# #@#
#g# #.# #.# #.#
#.# #.# ..#


You could see Ijyb.

Vanquished Creatures
  An orc wizard (D:3)
  An adder (D:2)
  3 worms
  3 dart slugs
  3 leopard geckos
  An orc (D:3)
  6 bats
  3 giant cockroaches
  10 goblins
  9 hobgoblins
  2 kobolds
  A ball python (D:1)
  2 frilled lizards (D:2)
  10 rats
55 creatures vanquished.

Notes
Turn   | Place    | Note
-------+----------+-------------------------------------------
     0 | D:1      | Jawreze the Draconian Air Elementalist began the quest for the Orb.
     0 | D:1      | Reached XP level 1. HP: 14/14 MP: 3/3
   323 | D:1      | Reached XP level 2. HP: 20/20 MP: 5/5
   896 | D:1      | Reached XP level 3. HP: 26/26 MP: 2/6
  1471 | D:2      | Learned a level 2 spell: Swiftness
  1476 | D:2      | Noticed Terence
  1718 | D:2      | Found a shattered altar of Ashenzari.
  2055 | D:2      | Reached skill level 4 in Air Magic
  2540 | D:3      | Noticed Sigmund
  2590 | D:3      | Reached XP level 4. HP: 33/33 MP: 0/7
  2659 | D:3      | Learned a level 4 spell: Airstrike
  3110 | D:3      | Noticed Ijyb
  3119 | D:3      | Slain by Ijyb

Skill      XL: |  1  2  3 |
---------------+----------+-----
Air Magic      | 4 |  4.3
Conjurations   | 2 |  2.3
Dodging        | |  1.7
Stealth        | |  1.7
Spellcasting   | |  2.7

Action                   |  1- 3 |  4- 6 || total
-------------------------+-------+-------++-------
Melee: Unarmed           |     8 |       ||     8
       Tailslap          |     3 |       ||     3
       Spear             |    26 |       ||    26
 Fire: Hunting sling     |    37 |       ||    37
 Cast: Shock             |    95 |    32 ||   127
       Swiftness         |     2 |       ||     2
  Use: Scroll            |     3 |       ||     3
       Potion            |       |     1 ||     1
 Stab: Sleeping          |     1 |       ||     1
  Eat: Chunk             |     6 |     2 ||     8
Armor: Skin              |    12 |       ||    12
Dodge: Dodged            |    28 |     1 ||    29
